 Dungeon Crawl Stone Soup version 0.27.1-1-g398f81649c (webtiles) character file.

Game seed: 15756440178331282709

8333 ZARRMARR the Destroyer (level 11, -7/87 HPs)
             Began as an Octopode Conjurer on Sept 10, 2021.
             Was an Elder of Okawaru.
             Mangled by a red draconian (9 damage)
             ... in a volcano.
             The game lasted 00:50:21 (10988 turns).

ZARRMARR the Destroyer (Octopode Conjurer)         Turns: 10988, Time: 00:50:22

Health: -7/87      AC:  1    Str:  6    XL:     11   Next: 29%
Magic:  15/22      EV: 20    Int: 24    God:    Okawaru [****..]
Gold:   703        SH:  0    Dex: 17    Spells: 21/25 levels left

rFire    . . .     SeeInvis .   B - +4 short sword (elec)
rCold    . . .     Faith    .   (no shield)
rNeg     . . .     Spirit   .   (helmet restricted)
rPois    .         Reflect  .   q - amulet of Vitality {Regen+ HP+15}
rElec    .         Harm     .   (no ring)
rCorr    .         Rampage  .   h - +4 ring of slaying
Will     .....                  f - +6 ring of dexterity
Stlth    +++++++...             (no ring)
HPRegen  1.24/turn              (no ring)
MPRegen  0.18/turn              (no ring)
                                (no ring)
                                (no ring)

@: heroic, finesse-ful
A: almost no armour, amphibious, 8 rings, camouflage 1, gelatinous body 1,
(nimble swimmer 1), tentacles
a: Renounce Religion, Heroism


You were in a volcano.
You worshipped Okawaru.
Okawaru was greatly pleased with you.
You visited 3 branches of the dungeon, and saw 12 of its levels.
You also visited: Volcano.

You collected 703 gold pieces.

Inventory:

Hand Weapons
 B - a +4 short sword of electrocution (weapon)
Missiles
 p - 5 curare-tipped darts (quivered)
 E - 6 atropa-tipped darts
Jewellery
 f - a +6 ring of dexterity (on tentacle)
 h - a +4 ring of slaying (right tentacle)
 k - the ring "Tuigoom" {rF- rN++ MP+9 Dex+6}
   (You acquired it on level 4 of the Dungeon)

   [ring of magical power]

   Dex:       It affects your dexterity (+6).
   rF:        It makes you vulnerable to fire.
   rN:        It greatly protects you from negative energy.
   MP:        It affects your magic capacity (+9).
 q - the amulet of Vitality (around mantle) {Regen+ HP+15}
   (You found it on level 5 of the Dungeon)

   [amulet of regeneration]

   HP:        It affects your health (+15).
   Regen:     It increases your rate of health regeneration.
Wands
 b - a wand of flame (7)
 d - a wand of acid (6)
 w - a wand of iceblast (9)
Scrolls
 a - 6 scrolls of teleportation
 c - 3 scrolls of magic mapping
 j - 3 scrolls of enchant armour
 o - a scroll of blinking {unknown}
 r - 4 scrolls of amnesia {unknown}
 s - 3 scrolls of fog {unknown}
 u - 2 scrolls of enchant weapon {unknown}
 y - a scroll of torment {unknown}
Potions
 e - 3 potions of attraction
 g - a potion of magic {unknown}
 i - 2 potions of might
 m - 2 potions of ambrosia
 n - 3 potions of curing
 t - a potion of haste {unknown}
 v - 2 potions of mutation {unknown}
 x - 2 potions of flight {unknown}
 z - a potion of heal wounds {unknown}
 A - a potion of brilliance {unknown}
 C - a potion of lignification {unknown}
 D - a potion of resistance {unknown}
 F - a potion of berserk rage {unknown}


   Skills:
 + Level 5.3(10.3) Fighting
 + Level 5.2(10.2) Short Blades
 + Level 6.4(11.4) Dodging
 + Level 9.2(14.2) Stealth
 - Level 1.2(6.2) Unarmed Combat
 + Level 7.6 Spellcasting
 - Level 9.2 Conjurations
 + Level 0.6 Translocations
 + Level 5.5 Invocations


You had 21 spell levels left.
You knew the following spells:

 Your Spells              Type           Power      Damage    Failure   Level
a - Magic Dart            Conj           100%       1d8       1%          1
b - Searing Ray           Conj           100%       3d7       1%          2
c - Apportation           Tloc           24%        N/A       4%          1

Your spell library contained the following spells:

 Spells                   Type           Power      Damage    Failure   Level
 Dazzling Flash           Conj/Hex       62%        N/A       3%          3
 Animate Skeleton         Necr           18%        N/A       7%          1
 Corona                   Hex            10%        N/A       7%          1
 Summon Small Mammal      Summ           36%        N/A       7%          1
 Iskenderun's Mystic Bla  Conj/Tloc      32%        2d8       9%          4
 Fulminant Prism          Conj/Hex       15%        3d11      10%         4
 Agony                    Necr           9%         N/A       88%         5
 Silence                  Hex/Air        4%         N/A       88%         5


Dungeon Overview and Level Annotations

Branches:
Dungeon (9/15)             Temple (1/1) D:4            Lair (2/6) D:9
  Swamp (0/4) Lair:2      Volcano (1/1)
  Snake: Lair:2-4    Spider: Lair:2-4       Orc: D:9-12

Altars:
Ashenzari
Cheibriados
Dithmenos
Elyvilon
Fedhas
Gozag
Hepliaklqana
Kikubaaqudgha
Makhleb
Nemelex Xobeh
Okawaru
Qazlal
Ru
Sif Muna
Trog
Uskayaw
Vehumet
Wu Jian
Xom
Yredelemnul
Zin
The Shining One

Shops:
D:9 (

Annotations:
D:8 exclusion: centaur, Joseph
Lair:1 2 transporters
Lair:2 exclusion: 4 electric eels


Innate Abilities, Weirdness & Mutations

You cannot wear most types of armour.
You are amphibious.
You can wear up to eight rings at the same time.
Your skin changes colour to match your surroundings (Stealth+).
Your rubbery body absorbs attacks. (AC +1, EV +1)
((You are camouflaged near water. (Stealth+)))
You have tentacles for arms and can constrict up to eight enemies at once.


Message History

Press: ? - help, Shift-Dir - straight line, f/p - red draconian
Aim: a red draconian, wielding a +1 scimitar of flaming and wearing a +0 cloak (moderately wounded)
The mass of ice explodes!
The iceblast engulfs the red draconian!
The red draconian is moderately wounded.
Aiming: Iceblast
Press: ? - help, Shift-Dir - straight line, f/p - red draconian
Aim: a red draconian, wielding a +1 scimitar of flaming and wearing a +0 cloak (flame, moderately wounded)
The mass of ice explodes!
The iceblast engulfs the red draconian!
The red draconian is heavily wounded.
The red draconian is engulfed in blazing flames.
Aiming: Iceblast
Press: ? - help, Shift-Dir - straight line, f/p - red draconian
Aim: a red draconian, wielding a +1 scimitar of flaming and wearing a +0 cloak (heavily wounded)
The mass of ice explodes!
The iceblast engulfs the red draconian.
The red draconian is heavily wounded.
The red draconian breathes fire at you. The searing blast hits you!!!
* * * LOW HITPOINT WARNING * * *
Aiming: Iceblast
Press: ? - help, Shift-Dir - straight line, f/p - red draconian
Aim: a red draconian, wielding a +1 scimitar of flaming and wearing a +0 cloak (heavily wounded, catching its breath)
The mass of ice explodes!
The iceblast engulfs the red draconian.
The red draconian is heavily wounded.
You can now deal lightning-fast blows.
You can no longer speed up your combat.
Okawaru will no longer gift you equipment.
The red draconian breathes fire at you. The searing blast hits you!
* * * LOW HITPOINT WARNING * * *
You hit the red draconian. You grab the red draconian.
The red draconian is heavily wounded.
You constrict the red draconian, but do no damage.
You hit the red draconian but do no damage.
The red draconian is heavily wounded.
You constrict the red draconian, but do no damage.
You hit the red draconian.
The red draconian is severely wounded.
You constrict the red draconian, but do no damage.
The red draconian hits you with a +1 scimitar of flaming!
You die...

#§§§≈8.°.8°≈≈§≈≈
##≈≈.....§§§≈≈#
#≈§.....≈§≈###
##≈8...8≈§≈#
##.....####
#.....# #8...8#
#..d).# #..@..#
#8...8# #.....#
#..○..# #8.§.8#
#.....# #.....#
#8.∩.8# ##...##


You could see a red draconian (catching breath).

Vanquished Creatures
  3 two-headed ogres
  A wraith (D:7)
  11 yaks
  A wyvern (D:8)
  2 steam dragons
  2 water moccasins (Lair:2)
  A hornet zombie (D:7)
  An ice beast (D:8)
  4 orc warriors
  2 black bears (D:9)
  A necrophage (D:7)
  6 wolves
  5 centaurs
  7 bullfrogs
  A kobold brigand (D:8)
  6 scorpions
  A wyvern zombie (D:8)
  A gnoll sergeant (D:8)
  A water moccasin zombie (D:5)
  A water moccasin skeleton (D:5)
  2 wyvern skeletons (D:7)
  5 killer bees (D:9)
  A howler monkey (D:9)
  3 wights (D:9)
  2 bullfrog skeletons (D:6)
  A jelly (D:7)
  An orc priest (D:7)
  A gnoll shaman (D:8)
  3 hounds
  3 centaur skeletons
  A scorpion zombie (D:5)
  3 iguanas
  4 orc wizards
  A hound zombie (D:5)
  10 gnolls
  11 adders
  A white imp (D:6)
  An adder skeleton (D:4)
  3 worms
  A dart slug (D:1)
  23 orcs
  8 ball pythons
  5 endoplasms
  2 giant cockroaches (D:4)
  6 goblins
  8 hobgoblins
  7 jackals
  12 kobolds
  3 quokkas
  7 bats
  9 frilled lizards
  2 rats (D:1)
208 creatures vanquished.

Vanquished Creatures (others)
  7 fungi (D:9)
  5 plants (D:9)
12 creatures vanquished.

Grand Total: 220 creatures vanquished

Notes
Turn   | Place    | Note
-------+----------+-------------------------------------------
     0 | D:1      | ZARRMARR the Octopode Conjurer began the quest for the Orb.
     0 | D:1      | Reached XP level 1. HP: 11/11 MP: 3/3
   364 | D:1      | Reached XP level 2. HP: 17/17 MP: 3/5
   748 | D:1      | Reached XP level 3. HP: 11/21 MP: 0/6
   945 | D:1      | Found a faded altar of an unknown god.
  1499 | D:2      | Reached XP level 4. HP: 27/27 MP: 4/7
  1811 | D:2      | Reached skill level 5 in Conjurations
  2632 | D:3      | Reached XP level 5. HP: 31/31 MP: 5/9
  3736 | D:3      | Learned a level 2 spell: Searing Ray
  3964 | D:4      | Reached XP level 6. HP: 36/36 MP: 7/10
  4132 | D:4      | Found a radiant altar of Vehumet.
  4333 | D:4      | Found a basalt altar of Yredelemnul.
  4532 | D:4      | Found a staircase to the Ecumenical Temple.
  4541 | Temple   | Entered the Ecumenical Temple
  4726 | Temple   | Became a worshipper of Warmaster Okawaru
  4770 | D:4      | Identified a scroll of acquirement
  4771 | D:4      | Acquired the ring "Tuigoom" {rF- rN++ MP+9 Dex+6}
  4992 | D:4      | Found a white marble altar of Elyvilon.
  5076 | D:4      | Noticed a black bear
  5321 | D:5      | Entered Level 5 of the Dungeon
  5480 | D:5      | Reached XP level 7. HP: 42/42 MP: 13/13
  5523 | D:5      | Reached skill level 1 in Unarmed Combat
  5688 | D:5      | Found the amulet of Vitality {Regen+ HP+15}
  6363 | D:6      | Reached * piety under Okawaru
  6562 | D:6      | Found an ancient bone altar of Kikubaaqudgha.
  6686 | D:6      | Reached skill level 5 in Spellcasting
  6686 | D:6      | Reached XP level 8. HP: 47/47 MP: 15/15
  7154 | D:7      | Noticed a wraith
  7223 | D:7      | Reached skill level 5 in Stealth
  7551 | D:7      | Reached skill level 1 in Short Blades
  7610 | D:7      | Reached skill level 1 in Fighting
  7745 | D:7      | Reached skill level 1 in Invocations
  7752 | D:7      | Found an opulent altar of Gozag.
  7889 | D:7      | Reached XP level 9. HP: 49/54 MP: 18/18
  7893 | D:7      | Reached ** piety under Okawaru
  8380 | D:8      | Found a shimmering altar of Xom.
  8395 | D:8      | Noticed Joseph
  8716 | D:8      | Reached *** piety under Okawaru
  8841 | D:8      | Reached skill level 5 in Dodging
  8983 | D:8      | Reached XP level 10. HP: 63/63 MP: 20/20
  9417 | D:9      | Reached **** piety under Okawaru
  9627 | D:9      | Noticed a two-headed ogre
  9642 | D:9      | Killed a two-headed ogre
  9966 | D:9      | Found a staircase to the Lair.
  9986 | D:9      | Found Getiz's Antique Weapon Emporium.
 10055 | D:9      | Noticed a two-headed ogre
 10063 | D:9      | Killed a two-headed ogre
 10129 | Lair:1   | Entered Level 1 of the Lair of Beasts
 10133 | Lair:1   | Reached skill level 5 in Invocations
 10133 | Lair:1   | Reached XP level 11. HP: 70/70 MP: 22/22
 10148 | D:9      | Reached skill level 5 in Fighting
 10242 | Lair:1   | Reached skill level 5 in Short Blades
 10250 | Lair:1   | Received a gift from Okawaru
 10538 | Lair:1   | Found a transporter.
 10679 | Lair:1   | Found a transporter.
 10679 | Lair:1   | Noticed a boulder beetle
 10828 | Lair:2   | Found a staircase to the Swamp.
 10867 | Lair:2   | Found a dark tunnel.
 10886 | Volcano  | Entered a volcano
 10932 | Volcano  | Learned a level 1 spell: Apportation
 10949 | Volcano  | Noticed an ogre mage
 10952 | Volcano  | Found a bloodstained altar of Trog.
 10954 | Volcano  | Noticed a two-headed ogre
 10971 | Volcano  | Killed a two-headed ogre
 10971 | Volcano  | Reached ***** piety under Okawaru
 10976 | Volcano  | Noticed a red draconian
 10985 | Volcano  | HP: 1/87 [red draconian/searing blast (13)]
 10988 | Volcano  | Mangled by a red draconian

Illustrated notes

Levels and vault maps discovered:
D:1:      nzn_arrival_water_spiral, layout_loops_ring,
          dreamdust_ecumenical_altar_hidden_monk_grotto,
          minmay_misc_feat_more_columns, minmay_misc_feat_square,
          minmay_heptomino_w4
D:2:      layout_basic
D:3:      layout_loops_cross
D:4:      layout_basic, mainiacjoe_overflow_alcove_1, kennysheep_ying_yang,
          minmay_temple_entry_mist, lightli_corner_chamber
D:5:      layout_loops_ring
D:6:      layout_rooms, nicolae_kikubaaqudgha_miasma_corner,
          kennysheep_big_empty_room
D:7:      kennysheep_spiral_hall, layout_layer_cave, grunt_gozag_statues,
          serial_park_tiny_1, hangedman_abyss_or_decor_stagger,
          hangedman_decor_peaks_small
D:8:      layout_rooms, xom_butterflies, minivault_21, chequers_garden,
          minmay_bent, uniq_joseph
D:9:      layout_small_grid, grunt_lair_entry_orc_guard_hut, serial_shops,
          nicolae_diamond_shop
Temple:   eino_temple_scatter_basement
Lair:1:   gammafunk_boulding_lane, layout_regular_city
Lair:2:   layout_regular_city, minmay_swamp_entry_eels,
          nicolae_volcano_entry_lava_flow
Volcano:  kennysheep_volcano_temple

Skill      XL: |  1  2  3  4  5  6  7  8  9 10 11 |
---------------+----------------------------------+-----
Stealth        | 3 4 5 7 8 9 |  9.2
Conjurations   | 5 6 7 8 9 |  9.2
Spellcasting   | 3 4 5 6 7 |  7.6
Dodging        | 3 4 5 6 |  6.4
Unarmed Combat | 1 |  1.2
Short Blades   | 1 3 4 5 |  5.2
Fighting       | 1 3 4 5 |  5.3
Invocations    | 1 3 5 |  5.5
Translocations | |  0.6

Action                   |  1- 3 |  4- 6 |  7- 9 | 10-12 || total
-------------------------+-------+-------+-------+-------++-------
Melee: Unarmed           |    13 |    11 |       |       ||    24
       Tentacles         |     3 |     1 |     7 |    27 ||    38
       Constrict         |     1 |     2 |     4 |    16 ||    23
       Short sword       |       |       |    40 |   110 ||   150
       Punch             |       |       |       |     3 ||     3
Throw: Dart              |       |       |       |     2 ||     2
 Cast: Magic Dart        |    51 |   146 |    40 |     5 ||   242
       Searing Ray       |       |     6 |    60 |    23 ||    89
Invok: Heroism           |       |       |     5 |    10 ||    15
       Finesse           |       |       |       |     1 ||     1
Evoke: Wand              |       |       |     4 |    13 ||    17
  Use: Scroll            |     2 |     6 |     4 |     4 ||    16
 Stab: Sleeping          |       |       |     8 |     2 ||    10
Armor: Skin              |     6 |     2 |     2 |     4 ||    14
Dodge: Dodged            |    13 |    18 |    50 |   107 ||   188
